APP
ELIZABETHTON TWINS @ BURLINGTON ROYALS
06/11/2044
 
TOP OF THE 1ST
Elizabethton Twins batting - Pitching for Burlington Royals : RHP Steve Ryals
Pitching: RHP Steve Ryals
Batting: RHB Andrew Nicol 0-0: Ball
1-0: Called Strike
1-1: Foul Ball, location: 2F
1-2: Ball
2-2: Strikes out looking
Batting: LHB David Campbell 0-0: Ball
1-0: Foul Ball, location: 2F
1-1: Ball
2-1: Called Strike
2-2: Ball
3-2: Ground out 6-3 (Groundball, 6, EV 95.0 MPH)
Batting: SHB Dan Morataya 0-0: Foul Ball, location: 2F
0-1: Foul Ball, location: 2F
0-2: Ball
1-2: Ball
2-2: Strikes out looking
Top of the 1st over - 0 runs, 0 hits, 0 errors, 0 left on base; Elizabethton 0 - Burlington 0
BOTTOM OF THE 1ST
Burlington Royals batting - Pitching for Elizabethton Twins : RHP Bud Puffer
Pitching: RHP Bud Puffer
Batting: LHB Ernesto Abreu 0-0: Foul Ball, location: 2F
0-1: Foul Ball, location: 2F
0-2: Ball
1-2: Strikes out swinging
Batting: RHB Tim Persson 0-0: Fly out, F8 (Flyball, 8LD, EV 105.6 MPH)
Batting: SHB Manny Berrones 0-0: Called Strike
0-1: Ball
1-1: Called Strike
1-2: Strikes out swinging
Bottom of the 1st over - 0 runs, 0 hits, 0 errors, 0 left on base; Elizabethton 0 - Burlington 0
TOP OF THE 2ND
Elizabethton Twins batting - Pitching for Burlington Royals : RHP Steve Ryals
Batting: SHB Chris Hull 0-0: Called Strike
0-1: Foul Ball, location: 2F
0-2: Strikes out swinging
Batting: LHB Diego Gutierres 0-0: Ball
1-0: Ball
2-0: Ball
3-0: Called Strike
3-1: Base on Balls
Batting: RHB Jose Gracia 0-0: Ball
1-0: Swinging Strike
1-1: Swinging Strike
1-2: Fly out, F4 (Popup, 34, EV 61.3 MPH)
Batting: RHB Nick Phipps 0-0: Ball
1-0: Foul Ball, location: 2F
1-1: Ball
2-1: Swinging Strike
2-2: Ball
3-2: Foul Ball, location: 2F
3-2: Foul Ball, location: 2F
3-2: Foul Ball, location: 2F
3-2: Foul Ball, location: 2F
3-2: Strikes out looking
Top of the 2nd over - 0 runs, 0 hits, 0 errors, 1 left on base; Elizabethton 0 - Burlington 0
BOTTOM OF THE 2ND
Burlington Royals batting - Pitching for Elizabethton Twins : RHP Bud Puffer
Batting: SHB Danny Ballenger 0-0: Ball
1-0: Called Strike
1-1: SINGLE (Groundball, 4MD, EV 103.8 MPH)
Batting: RHB Rob Ward 0-0: Called Strike
0-1: Called Strike
0-2: Strikes out looking
Batting: LHB Bobby Gonzalez 0-0: Ball
1-0: Ball
2-0: Fielders Choice at 2nd, 5-4 (Groundball, 56D, EV 89.4 MPH)
Batting: SHB Marcos Cortez 0-0: Foul Ball, location: 2F
0-1: Called Strike
Bobby Gonzalez is caught stealing 2nd base 2-6
Bottom of the 2nd over - 0 runs, 1 hit, 0 errors, 0 left on base; Elizabethton 0 - Burlington 0
TOP OF THE 3RD
Elizabethton Twins batting - Pitching for Burlington Royals : RHP Steve Ryals
Batting: RHB Jimmy Mayville 0-0: Ball
1-0: Foul Ball, location: 2F
1-1: Swinging Strike
1-2: Foul Ball, location: 2F
1-2: Foul Ball, location: 2F
1-2: Ball
2-2: TRIPLE (Line Drive, 78XD, EV 106.9 MPH)
Batting: SHB Nate Januchowski 0-0: Foul Ball, location: 2F
0-1: Swinging Strike
0-2: Ball
1-2: 2-RUN HOME RUN (Flyball, 8RXD, EV 107.5 MPH), Distance : 449 ft
Batting: RHB Andrew Nicol 0-0: Called Strike
0-1: Called Strike
0-2: Strikes out looking
Batting: LHB David Campbell 0-0: Ball
1-0: Ball
2-0: Foul Ball, location: 2F
2-1: Fly out, F7 (Line Drive, 7, EV 85.6 MPH)
Batting: SHB Dan Morataya 0-0: Foul Ball, location: 2F
0-1: Ball
1-1: Swinging Strike
1-2: Foul Ball, location: 2F
1-2: Ball
2-2: Ball
3-2: Base on Balls
Batting: SHB Chris Hull 0-0: Ball
Dan Morataya is caught stealing 2nd base 2-6
Top of the 3rd over - 2 runs, 2 hits, 0 errors, 0 left on base; Elizabethton 2 - Burlington 0
BOTTOM OF THE 3RD
Burlington Royals batting - Pitching for Elizabethton Twins : RHP Bud Puffer
Pitching: RHP Andrew Rich
Batting: SHB Marcos Cortez 0-0: Ball
1-0: Ball
2-0: Ball
3-0: Base on Balls
Batting: RHB Shane Bruce 0-0: Foul Ball, location: 2F
0-1: Ball
1-1: Ball
2-1: Ball
3-1: Swinging Strike
3-2: Foul Ball, location: 2F
3-2: Fly out, F8 (Flyball, 8LD, EV 104.4 MPH)
Batting: LHB Hyoji Kawabata 0-0: Sac Bunt to 56S - play at first, batter safe!
Marcos Cortez to second
Batting: LHB Ernesto Abreu 0-0: Called Strike
0-1: Ball
1-1: Foul Ball, location: 2F
1-2: Ball
2-2: SINGLE (Line Drive, 78S, EV 106.3 MPH)
Marcos Cortez to third
Hyoji Kawabata to second
Runner from 3rd tries for Home, SAFE, throw by LF to home
Batting: RHB Tim Persson 0-0: Ball
1-0: Ball
2-0: Foul Ball, location: 2F
2-1: SINGLE (Groundball, 25, EV 64.4 MPH) (infield hit)
Hyoji Kawabata to third
Ernesto Abreu to second
Pitching: RHP Jon Hice
Batting: SHB Manny Berrones 0-0: Foul Ball, location: 2F
0-1: Ball
1-1: Called Strike
1-2: Strikes out swinging
Batting: SHB Danny Ballenger 0-0: Swinging Strike
0-1: Ball
1-1: Foul Ball, location: 2F
1-2: Foul Ball, location: 2F
1-2: Ball
2-2: Ball
3-2: Fly out, F8 (Flyball, 89M, EV 73.1 MPH)
Bottom of the 3rd over - 1 run, 3 hits, 0 errors, 3 left on base; Elizabethton 2 - Burlington 1
TOP OF THE 4TH
Elizabethton Twins batting - Pitching for Burlington Royals : RHP Steve Ryals
Batting: SHB Chris Hull 0-0: Ball
1-0: Called Strike
1-1: Ball
2-1: DOUBLE (Line Drive, 8RXD, EV 111.9 MPH)
Batting: LHB Diego Gutierres 0-0: Swinging Strike
0-1: Called Strike
0-2: Foul Ball, location: 2F
0-2: Foul Ball, location: 2F
0-2: Foul Ball, location: 2F
0-2: Strikes out looking and he physically ARGUES THE CALL AND IS TOSSED!
Batting: RHB Jose Gracia 0-0: Ball
1-0: Ball
2-0: Called Strike
2-1: Swinging Strike
2-2: Foul Ball, location: 2F
2-2: Strikes out swinging
Batting: RHB Nick Phipps 0-0: Swinging Strike
0-1: Ball
1-1: Ball
2-1: Foul Ball, location: 2F
2-2: Strikes out swinging
Top of the 4th over - 0 runs, 1 hit, 0 errors, 1 left on base; Elizabethton 2 - Burlington 1
BOTTOM OF THE 4TH
Burlington Royals batting - Pitching for Elizabethton Twins : RHP Jon Hice
Now in RF: Aaron Dusch
Batting: RHB Rob Ward 0-0: Ball
1-0: Called Strike
1-1: Called Strike
1-2: Ball
2-2: Foul Ball, location: 2F
2-2: Ground out 4-3 (Groundball, 4, EV 106.3 MPH)
Batting: LHB Bobby Gonzalez 0-0: Ball
1-0: Foul Ball, location: 2F
1-1: Foul Ball, location: 2F
1-2: Ball
2-2: Foul Ball, location: 2F
2-2: Ball
3-2: Base on Balls
Batting: SHB Marcos Cortez 0-0: Ball
1-0: Ball
2-0: SINGLE (Line Drive, 8RS, EV 101.3 MPH)
Bobby Gonzalez to second
Batting: RHB Shane Bruce 0-0: Ball
1-0: Called Strike
1-1: Foul Ball, location: 2F
1-2: Ball
2-2: Ball
3-2: Base on Balls
Bobby Gonzalez to third
Marcos Cortez to second
Batting: LHB Hyoji Kawabata 0-0: Ball
1-0: Foul Ball, location: 2F
1-1: Called Strike
1-2: Foul Ball, location: 2F
1-2: SINGLE (Flyball, 34D, EV 93.8 MPH)
Bobby Gonzalez scores
Marcos Cortez to third
Shane Bruce to second
Batting: LHB Ernesto Abreu 0-0: Ball
1-0: Foul Ball, location: 2F
1-1: Foul Ball, location: 2F
1-2: Grounds into fielders choice 4-2 (Groundball, 34, EV 79.4 MPH)
Shane Bruce to third
Hyoji Kawabata to second
Batting: RHB Tim Persson 0-0: Called Strike
0-1: Called Strike
0-2: Ball
1-2: Strikes out swinging
Bottom of the 4th over - 1 run, 2 hits, 0 errors, 3 left on base; Elizabethton 2 - Burlington 2
TOP OF THE 5TH
Elizabethton Twins batting - Pitching for Burlington Royals : RHP Steve Ryals
Batting: RHB Jimmy Mayville 0-0: Called Strike
0-1: Ball
1-1: Swinging Strike
1-2: Strikes out looking
Batting: SHB Nate Januchowski 0-0: Called Strike
0-1: Called Strike
0-2: Ball
1-2: Foul Ball, location: 2F
1-2: Strikes out looking
Batting: RHB Andrew Nicol 0-0: Ball
1-0: Foul Ball, location: 2F
1-1: Swinging Strike
1-2: Ball
2-2: Ball
3-2: Base on Balls
Batting: LHB David Campbell 0-0: Ball
1-0: Called Strike
1-1: Ball
2-1: 2-RUN HOME RUN (Flyball, 9D, EV 101.3 MPH), Distance : 362 ft
Batting: SHB Dan Morataya 0-0: Called Strike
0-1: Ball
1-1: Ball
2-1: Ball
3-1: Base on Balls
Pitching: RHP Philip Terrell
Batting: SHB Chris Hull 0-0: Ball
Passed Ball!
Dan Morataya to second
1-0: Ball
2-0: Called Strike
2-1: Ball
3-1: Swinging Strike
3-2: Ground out 4-3 (Groundball, 4, EV 101.3 MPH)
Top of the 5th over - 2 runs, 1 hit, 0 errors, 1 left on base; Elizabethton 4 - Burlington 2
BOTTOM OF THE 5TH
Burlington Royals batting - Pitching for Elizabethton Twins : RHP Jon Hice
Batting: SHB Manny Berrones 0-0: Ball
1-0: Foul Ball, location: 2F
1-1: Ball
2-1: Foul Ball, location: 2F
2-2: SINGLE (Groundball, 34D, EV 98.1 MPH)
Batting: SHB Danny Ballenger 0-0: Foul Ball, location: 2F
0-1: Ball
Wild Pitch!
Manny Berrones to second
1-1: SINGLE (Line Drive, 7S, EV 97.5 MPH)
Manny Berrones to third
Runner from 3rd tries for Home, SAFE, throw by LF to home
Batting: RHB Rob Ward 0-0: Grounds into double play, 4-6-3 (Groundball, 34, EV 89.4 MPH)
Batting: LHB Bobby Gonzalez 0-0: Ground out 4-3 (Groundball, 4, EV 85.0 MPH)
Bottom of the 5th over - 1 run, 2 hits, 0 errors, 0 left on base; Elizabethton 4 - Burlington 3
TOP OF THE 6TH
Elizabethton Twins batting - Pitching for Burlington Royals : RHP Philip Terrell
Batting: RHB Aaron Dusch 0-0: Ground out 6-3 (Groundball, 6S, EV 88.8 MPH)
Batting: RHB Jose Gracia 0-0: Fly out, F7 (Flyball, 7LD, EV 96.9 MPH)
Batting: RHB Nick Phipps 0-0: Ball
1-0: Swinging Strike
1-1: Foul Ball, location: 2F
1-2: Foul Ball, location: 2F
1-2: Strikes out looking
Top of the 6th over - 0 runs, 0 hits, 0 errors, 0 left on base; Elizabethton 4 - Burlington 3
BOTTOM OF THE 6TH
Burlington Royals batting - Pitching for Elizabethton Twins : RHP Jon Hice
Batting: SHB Marcos Cortez 0-0: Foul Ball, location: 2F
0-1: Ball
1-1: Ground out 4-3 (Groundball, 4, EV 90.0 MPH)
Batting: RHB Shane Bruce 0-0: Ball
1-0: Ball
2-0: Called Strike
2-1: Called Strike
2-2: Foul Ball, location: 2F
2-2: Ball
3-2: Ground out 6-3 (Groundball, 6, EV 108.8 MPH)
Pitching: RHP Keith Nix
Batting: LHB Hyoji Kawabata 0-0: Called Strike
0-1: SINGLE (Groundball, 3D, EV 97.5 MPH)
Batting: LHB Ernesto Abreu 0-0: Fly out, F7 (Flyball, 7S, EV 74.4 MPH)
Bottom of the 6th over - 0 runs, 1 hit, 0 errors, 1 left on base; Elizabethton 4 - Burlington 3
TOP OF THE 7TH
Elizabethton Twins batting - Pitching for Burlington Royals : RHP Philip Terrell
Pitching: RHP Tim Tucker
Batting: RHB Jimmy Mayville 0-0: Ball
1-0: Fly out, F8 (Flyball, 8RM, EV 96.3 MPH)
Batting: SHB Nate Januchowski 0-0: Swinging Strike
0-1: Foul Ball, location: 2F
0-2: Ball
1-2: SINGLE (Groundball, 6MD, EV 101.3 MPH)
Batting: RHB Andrew Nicol 0-0: Called Strike
0-1: Called Strike
0-2: Ball
1-2: Ball
2-2: DOUBLE (Flyball, 89D, EV 98.8 MPH)
Nate Januchowski to third
Batting: LHB David Campbell 0-0: Ball
1-0: SINGLE (Line Drive, 89S, EV 104.4 MPH)
Nate Januchowski scores
Andrew Nicol to third
Runner from 3rd tries for Home, throw by RF and OUT! 9-2
David Campbell to second
Batting: SHB Dan Morataya 0-0: Foul Ball, location: 2F
0-1: Ball
Passed Ball!
David Campbell to third
1-1: Called Strike
1-2: Strikes out looking
Top of the 7th over - 1 run, 3 hits, 0 errors, 1 left on base; Elizabethton 5 - Burlington 3
BOTTOM OF THE 7TH
Burlington Royals batting - Pitching for Elizabethton Twins : RHP Keith Nix
Batting: RHB Tim Persson 0-0: Ball
1-0: Foul Ball, location: 2F
1-1: Ground out 4-3 (Groundball, 4S, EV 85.6 MPH)
Batting: SHB Manny Berrones 0-0: Foul Ball, location: 2F
0-1: Swinging Strike
0-2: Ball
1-2: Strikes out swinging
Batting: SHB Danny Ballenger 0-0: Ball
1-0: Called Strike
1-1: Foul Ball, location: 2F
1-2: Fly out, F8 (Flyball, 8RD, EV 97.5 MPH)
Bottom of the 7th over - 0 runs, 0 hits, 0 errors, 0 left on base; Elizabethton 5 - Burlington 3
TOP OF THE 8TH
Elizabethton Twins batting - Pitching for Burlington Royals : RHP Tim Tucker
Batting: SHB Chris Hull 0-0: Fly out, F9 (Line Drive, 9, EV 89.4 MPH)
Batting: RHB Aaron Dusch 0-0: Foul Ball, location: 2F
0-1: Ball
1-1: Swinging Strike
1-2: Foul Ball, location: 2F
1-2: Strikes out swinging
Batting: RHB Jose Gracia 0-0: Ground out 6-3 (Groundball, 6, EV 91.3 MPH)
Top of the 8th over - 0 runs, 0 hits, 0 errors, 0 left on base; Elizabethton 5 - Burlington 3
BOTTOM OF THE 8TH
Burlington Royals batting - Pitching for Elizabethton Twins : RHP Keith Nix
Batting: RHB Rob Ward 0-0: Ball
1-0: Foul Ball, location: 2F
1-1: Foul Ball, location: 2F
1-2: Ball
2-2: Ball
3-2: Ground out 1-3 (Groundball, 13, EV 69.4 MPH)
Batting: LHB Bobby Gonzalez 0-0: Ball
1-0: Fly out, F8 (Line Drive, 8LD, EV 90.0 MPH)
Batting: SHB Marcos Cortez 0-0: Ball
1-0: Fly out, F9 (Flyball, 89D, EV 96.3 MPH)
Bottom of the 8th over - 0 runs, 0 hits, 0 errors, 0 left on base; Elizabethton 5 - Burlington 3
TOP OF THE 9TH
Elizabethton Twins batting - Pitching for Burlington Royals : RHP Tim Tucker
Pitching: LHP Jake Warwick
Batting: RHB Nick Phipps 0-0: Called Strike
0-1: Swinging Strike
0-2: Foul Ball, location: 2F
0-2: Ball
1-2: Strikes out swinging
Batting: RHB Jimmy Mayville 0-0: Ball
1-0: Called Strike
1-1: Ball
2-1: SINGLE (Line Drive, 8RM, EV 98.8 MPH)
Batting: SHB Nate Januchowski 0-0: SINGLE (Groundball, 34D, EV 101.3 MPH)
Jimmy Mayville to second
Runner from 2nd tries for 3rd, SAFE, throw by RF made to third
Nate Januchowski to second
Batting: RHB Andrew Nicol 0-0: Ball
1-0: Ball
2-0: Ball
3-0: Called Strike
3-1: Base on Balls
Batting: LHB David Campbell 0-0: Swinging Strike
0-1: Ball
1-1: Called Strike
1-2: Strikes out looking
Batting: SHB Dan Morataya 0-0: Called Strike
0-1: Called Strike
0-2: Ball
1-2: Strikes out swinging
Top of the 9th over - 0 runs, 2 hits, 0 errors, 3 left on base; Elizabethton 5 - Burlington 3
BOTTOM OF THE 9TH
Burlington Royals batting - Pitching for Elizabethton Twins : RHP Keith Nix
Batting: RHB Shane Bruce 0-0: Fly out, F9 (Flyball, 89D, EV 98.8 MPH)
Batting: LHB Hyoji Kawabata 0-0: Ball
1-0: SINGLE (Groundball, 6D, EV 96.3 MPH)
Batting: LHB Ernesto Abreu 0-0: Ball
1-0: Ball
2-0: Foul Ball, location: 2F
2-1: SINGLE (Line Drive, 7S, EV 102.5 MPH)
Hyoji Kawabata to second
Batting: RHB Tim Persson 0-0: Ball
Wild Pitch!
Hyoji Kawabata to third
Ernesto Abreu to second
1-0: Foul Ball, location: 2F
1-1: Ground out 6-3 (Groundball, 56, EV 99.4 MPH)
Hyoji Kawabata scores
Batting: SHB Manny Berrones 0-0: Called Strike
0-1: Ball
1-1: Called Strike
1-2: Fly out, F6 (Popup, P, EV 78.1 MPH)
Bottom of the 9th over - 1 run, 2 hits, 0 errors, 1 left on base; Elizabethton 5 - Burlington 4
Thursday, March 31st , 2022 - OOTP Baseball 22.12 Build 89